[Event "Late-Titled-Tuesday-Blitz-January-23-2024"]
[Site "Chess.com"]
[Date "2024.01.23"]
[Round "3"]
[White "Igor_Lysyj"]
[Black "Yurovskykh_Oleksandr"]
[Result "1-0"]
[WhiteElo "2887"]
[BlackElo "2616"]
[TimeControl "180+1"]
[EndTime "14:25:24 PST"]
[Termination "Igor_Lysyj won by checkmate"]

1. d4 d5 2. c4 e6 3. Nf3 Nf6 4.
g3 Bb4+ 5. Bd2 Be7 6. Bg2 O-O 7. O-O c6 8. Qc2 Nbd7 9. Rd1 b6 10. Bc3 Bb7 11.
Nbd2 c5 12. dxc5 Nxc5 13. Ng5 h6 14. Bxf6 hxg5 15. Bd4 Rc8 16. Nf1 Rc7 17. Ne3 Qa8 18. cxd5 exd5 19. Qf5 Rd8 20. Qe5 Rcd7 21. Qxg7# 1-0

[Event "Late-Titled-Tuesday-Blitz-January-23-2024"]
[Site "Chess.com"]
[Date "2024.01.23"]
[Round "3"]
[White "Squirlolz"]
[Black "underthebridge1999"]
[Result "0-1"]
[WhiteElo "2570"]
[BlackElo "2404"]
[TimeControl "180+1"]
[EndTime "14:25:25 PST"]
[Termination "underthebridge1999 won by checkmate"]

1. Nc3 d5 2. e4 d4 3. Nce2 c5 4. Ng3 Nc6 5. Bc4 e5 6. a3 Nf6 7. d3 Bd6 8. N1e2 h5 9. O-O h4 10. Nh1 Bg4 11. h3 Bh5 12. f4 exf4 13. Bxf4 Ne5 14.
Bb5+ Ke7 15. Bg5 Qc7 16. Qd2 a6 17. Nf4 Kf8 18. Bxf6 gxf6 19. Nd5 Qb8 20. Bc4 Nxc4 21. dxc4 Bh2+ 22. Kf2 Qe5 23. Rae1 Qg3+ 24. Nxg3 hxg3# 0-1

[Event "Late-Titled-Tuesday-Blitz-January-23-2024"]
[Site "Chess.com"]
[Date "2024.01.23"]
[Round "3"]
[White "chegueps"]
[Black "TheoSlade"]
[Result "1-0"]
[WhiteElo "2679"]
[BlackElo "2468"]
[TimeControl "180+1"]
[EndTime "14:25:27 PST"]
[Termination "chegueps won by checkmate"]

1. d4 d5 2. Nf3 e6 3. Bg5 Be7 4. Bxe7 Nxe7 5. Nbd2 O-O 6. e4 dxe4 7. Nxe4 b6 8. Bd3 Bb7 9. Qe2 Nd7 10. O-O-O Nd5 11. Qd2 N5f6 12. Neg5 c5 13. c3 cxd4 14. Nxd4 Bxg2 15.
Rhg1 Bd5 16. Nxh7 Re8 17. Qh6 g6 18. Bxg6 fxg6 19. Rxg6+ Kf7 20. Qg7# 1-0

[Event "Late-Titled-Tuesday-Blitz-January-23-2024"]
[Site "Chess.com"]
[Date "2024.01.23"]
[Round "3"]
[White "NikolaGry"]
[Black "MITerryble"]
[Result "0-1"]
[WhiteElo "2748"]
[BlackElo "3024"]
[TimeControl "180+1"]
[EndTime "14:25:36 PST"]
[Termination "MITerryble won by resignation"]

1. b3 d5 2. Bb2 Bg4 3. Nf3 c6 4.
e3 Nd7 5. Be2 Ngf6 6. h3 Bh5 7. c4 e6 8. Nc3 Bd6 9. d4 O-O 10. O-O a6 11. a4 a5 12. Rc1 Re8 13. Re1 Qb8 14. g4 Bg6 15. Nh4 Bb4 16. Nxg6 hxg6 17.
Bf3 Ne4 18. Re2 f5 19. Nxe4 fxe4 20. Bg2 Rf8 21. Qc2 Rf7 22. Rf1 Qf8 23. Bc3 Bd6 24.
Qd1 Bc7 25. Rb2 Qd6 26. Re1 Qh2+ 27. Kf1 Raf8 28. Ree2 Rf3 29. b4 Rg3 0-1

[Event "Late-Titled-Tuesday-Blitz-January-23-2024"]
[Site "Chess.com"]
[Date "2024.01.23"]
[Round "3"]
[White "Svet_1502"]
[Black "Sjakkerntobi"]
[Result "0-1"]
[WhiteElo "2269"]
[BlackElo "2501"]
[TimeControl "180+1"]
[EndTime "14:25:37 PST"]
[Termination "Sjakkerntobi won by resignation"]

1. e4 c5 2. Nf3 Nf6 3. Nc3 d5 4. exd5 Nxd5 5. Bc4 e6 6. O-O Be7 7. d4 Nxc3 8. bxc3 O-O 9. Be3 Qc7 10. Qe2 b6 11. Ne5 Bb7 12. Rad1 Bd6 13. Bf4 Nd7 14.
Nxf7 Bxf4 15. Qxe6 Nf6 16. dxc5 Rxf7 17. Qxf7+ Qxf7 18. Bxf7+ Kxf7 19. cxb6 axb6 20. Rb1 Bc7 21. c4 Nd7 22.
Rfd1 Nc5 0-1

[Event "Late-Titled-Tuesday-Blitz-January-23-2024"]
[Site "Chess.com"]
[Date "2024.01.23"]
[Round "3"]
[White "toninhojit"]
[Black "ClayK1ng"]
[Result "1-0"]
[WhiteElo "2473"]
[BlackElo "2257"]
[TimeControl "180+1"]
[EndTime "14:25:38 PST"]
[Termination "toninhojit won by resignation"]

1. e4 c5 2. Nf3 d6 3. Bc4 Nf6 4. d3 e6 5. O-O Be7 6. c3 O-O 7. Bb3 b5 8. a4 c4 9. Bc2 cxd3 10. Bxd3 bxa4 11. Rxa4 Bb7 12. Bg5 Nbd7 13. b4 a5 14.
Re1 h6 15. Bh4 axb4 16. Rxb4 Qc7 17. Bg3 Ne5 18. Nxe5 dxe5 19. Qb3 Ba6 20. Bxa6 Rxa6 21. Nd2 Bxb4 22. cxb4 Nh5 23. b5 Raa8 24. b6 Qb8 25. b7 Ra7 26. Rb1 Nxg3 27. hxg3 Qc7 28. b8=Q 1-0

[Event "Late-Titled-Tuesday-Blitz-January-23-2024"]
[Site "Chess.com"]
[Date "2024.01.23"]
[Round "3"]
[White "luizzy"]
[Black "IsaqueGoncalvesSanto"]
[Result "1-0"]
[WhiteElo "2543"]
[BlackElo "1792"]
[TimeControl "180+1"]
[EndTime "14:25:40 PST"]
[Termination "luizzy won by checkmate"]

1. b3 e6 2. Bb2 d5 3. e3 Nf6 4. Nf3 Be7 5. Ne5 Nbd7 6. f4 Nxe5 7. fxe5 Nd7 8. Be2 c5 9. O-O b6 10. Qe1 O-O 11. Qg3 f5 12. exf6 Bxf6 13. Bxf6 Rxf6 14. Nc3 Bb7 15. Nb5 e5 16. d4 exd4 17. exd4 a6 18. Nd6 Bc6 19. Rxf6 Nxf6 20. Nf5 Bd7 21. Qxg7# 1-0

[Event "Late-Titled-Tuesday-Blitz-January-23-2024"]
[Site "Chess.com"]
[Date "2024.01.23"]
[Round "3"]
[White "sakkikuska"]
[Black "Rdeux42"]
[Result "1-0"]
[WhiteElo "2660"]
[BlackElo "2457"]
[TimeControl "180+1"]
[EndTime "14:25:42 PST"]
[Termination "sakkikuska won by resignation"]

1. e4 c6 2. d4 d5 3. Nc3 dxe4 4.
Nxe4 Bf5 5. Ng3 Bg6 6. h4 h6 7. Nf3 Nd7 8. h5 Bh7 9. Bd3 Bxd3 10. Qxd3 Ngf6 11. Bd2 e6 12. O-O-O Be7 13. Kb1 O-O 14. Ne4 c5 15. g4 Nxg4 16. Qe2 f5 17.
Nc3 Qb6 18. Ne5 Ndxe5 19. dxe5 c4 20. f3 Qf2 21. fxg4 Qxe2 22. Nxe2 fxg4 23. Nf4 1-0

[Event "Late-Titled-Tuesday-Blitz-January-23-2024"]
[Site "Chess.com"]
[Date "2024.01.23"]
[Round "3"]
[White "jinxy2009"]
[Black "eCztery"]
[Result "0-1"]
[WhiteElo "2227"]
[BlackElo "2442"]
[TimeControl "180+1"]
[EndTime "14:25:42 PST"]
[Termination "eCztery won by resignation"]

1. e4 d5 2. exd5 Nf6 3. d4 Nxd5 4. c4 Nb6 5. Nc3 g6 6. Nf3 Bg7 7. Be3 O-O 8. Be2 Nc6 9. d5 Ne5 10. Nxe5 Bxe5 11. Qd2 e6 12. O-O-O exd5 13. Nxd5 Nxd5 14.
cxd5 Qf6 15. f4 Bd6 16. g4 c6 17. h4 cxd5 18. h5 Bd7 19. hxg6 fxg6 20. Kb1 Be6 21.
Rh6 Rac8 22. Rdh1 Rc7 23. Bd3 d4 24. Bxg6 dxe3 25. Qxd6 Bxa2+ 26. Kxa2 Qxd6 27. Bxh7+ Rxh7 28. Rxd6 Rxh1 0-1

[Event "Late-Titled-Tuesday-Blitz-January-23-2024"]
[Site "Chess.com"]
[Date "2024.01.23"]
[Round "3"]
[White "Vladimir_Zakhartsov"]
[Black "LyonBeast"]
[Result "0-1"]
[WhiteElo "2852"]
[BlackElo "3170"]
[TimeControl "180+1"]
[EndTime "14:25:45 PST"]
[Termination "LyonBeast won by resignation"]

1. d4 Nf6 2. c4 g6 3. Nc3 d5 4. cxd5 Nxd5 5. e4 Nxc3 6. bxc3 Bg7 7. Bb5+ c6 8. Ba4 b5 9. Bb3 a5 10. Nf3 a4 11. Bc2 c5 12. Rb1 O-O 13. O-O Nc6 14. Be3 cxd4 15. cxd4 Bg4 16. d5 Ne5 17. Bd3 Bxf3 18.
gxf3 Qd7 19. Bxb5 Qh3 20. Be2 g5 21. Kh1 Nxf3 22. Bf4 Nh4 23. Rg1 gxf4 24. Qd4 Ng6 0-1

[Event "Late-Titled-Tuesday-Blitz-January-23-2024"]
[Site "Chess.com"]
[Date "2024.01.23"]
[Round "3"]
[White "PapaieDudu"]
[Black "Crazy_girl99"]
[Result "0-1"]
[WhiteElo "2419"]
[BlackElo "2605"]
[TimeControl "180+1"]
[EndTime "14:25:47 PST"]
[Termination "Crazy_girl99 won by resignation"]

1. e4 e5 2. Nf3 Nc6 3. Bb5 a6 4. Ba4 Nf6 5. d3 b5 6. Bb3 Bc5 7.
O-O d6 8. Bg5 h6 9. Bh4 g5 10.
Nxg5 hxg5 11. Bxg5 Rg8 12. h4 Rg6 13. c3 Qd7 14. Qf3 Qg4 15. Nd2 Qxf3 16. Nxf3 Bg4 17.
Nh2 Be6 18. Bc2 Nh7 19. Be3 Bh3 20. Bxc5 Rxg2+ 21. Kh1 dxc5 22. Bb3 Rd8 23. Rad1 Rxh2+ 24. Kxh2 Bxf1 25. Rxf1 Rxd3 26. f4 c4 27. Bd1 Rd2+ 28.
Kg3 Nf6 29. fxe5 Nxe4+ 30. Kf4 Nc5 31. Rh1 Nd3+ 32. Kf5 Nf2 33. Bf3 Ne7+ 34. Kf6 Nxh1 0-1

[Event "Late-Titled-Tuesday-Blitz-January-23-2024"]
[Site "Chess.com"]
[Date "2024.01.23"]
[Round "3"]
[White "Roedor"]
[Black "chessisveryfun1264"]
[Result "0-1"]
[WhiteElo "2324"]
[BlackElo "2562"]
[TimeControl "180+1"]
[EndTime "14:25:53 PST"]
[Termination "chessisveryfun1264 won by resignation"]

1. c4 e6 2. g3 f5 3. Bg2 Nf6 4. Nf3 b6 5. O-O Bb7 6. d4 g6 7.
d5 Bg7 8. Nc3 O-O 9. Ng5 h6 10.
Nh3 g5 11. e4 fxe4 12. Nxe4 Na6 13. Be3 Nxe4 14. Bxe4 Qf6 15. Rb1 Nc5 16. Bg2 Rae8 17. b4 Na6 18. a3 Kh8 19. Qh5 exd5 20. Bxg5 Qf7 21. Qxf7 Rxf7 22. Bf4 c6 23. cxd5 cxd5 24. Rbd1 Rf5 25. Rd3 Bc6 26. Rfd1 d4 27. Bc1 Bb5 28. R3d2 Rfe5 29. Bf1 Re1 30. Kg2 Bxf1+ 0-1

[Event "Late-Titled-Tuesday-Blitz-January-23-2024"]
[Site "Chess.com"]
[Date "2024.01.23"]
[Round "3"]
[White "thesupera12"]
[Black "norwaytoadog"]
[Result "1-0"]
[WhiteElo "2524"]
[BlackElo "2293"]
[TimeControl "180+1"]
[EndTime "14:25:53 PST"]
[Termination "thesupera12 won by resignation"]

1. d4 d5 2. Bg5 f6 3. Bf4 Nc6 4. Nf3 Bg4 5. Nbd2 e6 6. h3 Bh5 7. e3 Bd6 8. Bxd6 cxd6 9. c4 dxc4 10. Bxc4 d5 11. Bd3 Nge7 12. O-O Bg6 13. Bxg6+ hxg6 14. Rc1 Nf5 15. Qa4 O-O 16. Nb3 Nd6 17. Nc5 Qe7 18. Nxb7 Nxd4 19. Nxd4 Nxb7 20. Rc6 Nd8 21. Rc3 Nf7 22. Rfc1 Ne5 23. Rc7 Qd8 24. Nxe6 1-0

[Event "Late-Titled-Tuesday-Blitz-January-23-2024"]
[Site "Chess.com"]
[Date "2024.01.23"]
[Round "3"]
[White "GMKrikor"]
[Black "mishanick"]
[Result "0-1"]
[WhiteElo "2789"]
[BlackElo "3065"]
[TimeControl "180+1"]
[EndTime "14:25:54 PST"]
[Termination "mishanick won by resignation"]

1. Nf3 d5 2. c4 d4 3. b4 f6 4. e3 e5 5. c5 a5 6. Qa4+ Qd7 7.
Bb5 c6 8. Bc4 dxe3 9. fxe3 Qg4 10. Qb3 Qxg2 11. Rg1 Qxf3 12. Bxg8 Qh5 13. Nc3 axb4 14.
Ne4 Qh4+ 15. Ng3 Nd7 16. d4 Qxh2 17. Kf1 Rxg8 18. Qxg8 Nxc5 0-1

[Event "Late-Titled-Tuesday-Blitz-January-23-2024"]
[Site "Chess.com"]
[Date "2024.01.23"]
[Round "3"]
[White "annasargsyan_m"]
[Black "miraitrunks"]
[Result "1-0"]
[WhiteElo "2544"]
[BlackElo "2088"]
[TimeControl "180+1"]
[EndTime "14:25:55 PST"]
[Termination "annasargsyan_m won by resignation"]

1. d4 d5 2. c4 Bf5 3. Nc3 e6 4. cxd5 exd5 5. Nf3 Nf6 6. Bg5 c6 7. e3 Nbd7 8. Bd3 Bxd3 9. Qxd3 Be7 10. O-O O-O 11.
Rab1 a5 12. Ne5 Nxe5 13. dxe5 Nd7 14. Bxe7 Qxe7 15. f4 Nc5 16. Qc2 Rad8 17. Ne2 Ne4 18. Nd4 g6 19. Rf3 Qb4 20. a3 Qd2 21. Qb3 Nc5 22. Qb6 Na4 23. Qxb7 Rb8 24. Qxc6 Rxb2 25. Rxb2 Nxb2 26. h3 Nd3 27. e6 Ne1 28. Rg3 fxe6 29. Qxe6+ Kh8 30. Qe5+ Kg8 31. Qxd5+ Kg7 32. Ne6+ Kg8 33.
Qxd2 1-0

[Event "Late-Titled-Tuesday-Blitz-January-23-2024"]
[Site "Chess.com"]
[Date "2024.01.23"]
[Round "3"]
[White "SocoLoco"]
[Black "Cheer_Down"]
[Result "0-1"]
[WhiteElo "2208"]
[BlackElo "2432"]
[TimeControl "180+1"]
[EndTime "14:25:57 PST"]
[Termination "Cheer_Down won by checkmate"]

1. e4 c5 2. c3 Nf6 3. e5 Nd5 4. d4 cxd4 5. cxd4 d6 6. exd6 e6 7. Nc3 Bxd6 8. Nxd5 exd5 9. Nf3 O-O 10. Be2 Nc6 11. O-O Bf5 12. Bg5 Qb6 13. Qd2 Rfe8 14.
Rfe1 Bb4 15. Qf4 Bxe1 16. Qxf5 Rxe2 17. Rxe1 Nxd4 18. Qb1 Nxf3+ 19. gxf3 Rxe1+ 20. Qxe1 Qg6 21. f4 h6 22. h4 hxg5 23. fxg5 Qe4 24. Qd1 Qxh4 25.
Qxd5 Re8 26. Qa5 Qg4+ 27. Kf1 Qc4+ 28. Kg1 b6 29. Qd2 Qg4+ 30. Kf1 Qh3+ 31. Kg1 Qe6 32. Kh2 Qe2 33. Qd4 g6 34. a4 Re4 35. Qd8+ Kh7 36. Qf6 Rh4+ 37. Kg3 Qg4# 0-1

[Event "Late-Titled-Tuesday-Blitz-January-23-2024"]
[Site "Chess.com"]
[Date "2024.01.23"]
[Round "3"]
[White "santosalberto1987"]
[Black "vyprd"]
[Result "0-1"]
[WhiteElo "2553"]
[BlackElo "2348"]
[TimeControl "180+1"]
[EndTime "14:26:13 PST"]
[Termination "vyprd won by checkmate"]

1. e4 c5 2. Nf3 Nc6 3. Nc3 e5 4. Bc4 g6 5. d3 h6 6. Nd2 Bg7 7. Nf1 d6 8. Ne3 Nge7 9. O-O g5 10. Ncd5 O-O 11. a4 Ng6 12. Nf5 Nce7 13. Nfxe7+ Nxe7 14. Qh5 Nxd5 15. Bxd5 Rb8 16. h4 gxh4 17. Bxh6 Be6 18. Bxe6 fxe6 19. Qg6 Qf6 20. Qxg7+ Qxg7 21. Bxg7 Kxg7 22.
f3 Kg6 23. Kf2 Kg5 24. Rh1 Rh8 25. Rh3 Rh5 26. Rah1 Rbh8 27. c3 b6 28. Ke3 R8h7 29. b4 cxb4 30. cxb4 d5 31. g3 hxg3 32. Rxg3+ Kf6 33.
Rxh5 Rxh5 34. Rg2 Rh1 35. Rc2 Ra1 36. a5 bxa5 37. bxa5 Rxa5 38. Rc6 d4+ 39. Ke2 Ra2+ 40. Ke1 a5 41. Ra6 a4 42. Kf1 a3 43. Kg1 Kg5 44. Rxe6 Kf4 45. Rf6+ Kg3 46. f4 Ra1# 0-1

[Event "Late-Titled-Tuesday-Blitz-January-23-2024"]
[Site "Chess.com"]
[Date "2024.01.23"]
[Round "3"]
[White "carloseduar100"]
[Black "Pawngobblerx2000"]
[Result "0-1"]
[WhiteElo "2305"]
[BlackElo "2559"]
[TimeControl "180+1"]
[EndTime "14:26:14 PST"]
[Termination "Pawngobblerx2000 won by resignation"]

1. d4 d5 2. c3 Nf6 3. Bg5 Bf5 4. Nd2 c6 5. g3 Nbd7 6. Bg2 e6 7. Ngf3 Be7 8. O-O O-O 9. Ne5 h6 10. Nxd7 Qxd7 11. Bf4 c5 12. Nf3 cxd4 13. Qxd4 Rfc8 14. Ne5 Qe8 15. Rad1 Ne4 16. Nd3 Rc4 17. Qe3 g5 18. Be5 f6 19. Bd4 e5 20. Bxe5 fxe5 21. Nxe5 Bc5 22.
Qc1 Qxe5 23. h4 Qxg3 24. e3 Nxf2 25. Qd2 Be4 26. Qxf2 Bxe3 0-1

[Event "Late-Titled-Tuesday-Blitz-January-23-2024"]
[Site "Chess.com"]
[Date "2024.01.23"]
[Round "3"]
[White "GMG"]
[Black "rhungaski"]
[Result "1-0"]
[WhiteElo "2778"]
[BlackElo "2507"]
[TimeControl "180+1"]
[EndTime "14:26:19 PST"]
[Termination "GMG won by resignation"]

1. Nf3 g6 2. e4 Bg7 3. d4 d6 4.
Bc4 a6 5. Qe2 e6 6. c3 h6 7. Nbd2 Nd7 8. Nf1 Ne7 9. Ng3 b5 10.
Bd3 c5 11. a4 c4 12. Bc2 Bb7 13. h4 Nb6 14. a5 Nd7 15. h5 g5 16. Nh2 Nf6 17. f4 gxf4 18. Bxf4 Rg8 19. O-O Qd7 20. d5 e5 21. Be3 Nh7 22. Ng4 Bf8 23. Nf5 Nxf5 24. Rxf5 O-O-O 25. Raf1 Ng5 26. Nf6 Qe7 27.
Nxg8 Nh3+ 28. gxh3 1-0

[Event "Late-Titled-Tuesday-Blitz-January-23-2024"]
[Site "Chess.com"]
[Date "2024.01.23"]
[Round "3"]
[White "ITheOnlyME"]
[Black "Fernando_Offermann"]
[Result "0-1"]
[WhiteElo "2392"]
[BlackElo "2444"]
[TimeControl "180+1"]
[EndTime "14:26:20 PST"]
[Termination "Fernando_Offermann won by checkmate"]

1. d4 Nf6 2. Bf4 c5 3. e3 cxd4 4. exd4 d5 5. c3 Nc6 6. Bd3 e6 7. Nf3 Bd6 8. Bg3 O-O 9. Nbd2 a6 10. a4 Rb8 11. Ne5 Qc7 12. f4 Ne7 13. Bh4 Nf5 14.
Bxf5 exf5 15. Bxf6 gxf6 16. Nd3 Re8+ 17. Kf1 Bxf4 18.
Nf3 Bd7 19. g3 Bh6 20. Kg2 b5 21. axb5 Bxb5 22. Nc5 Re2+ 23. Kh3 f4 24. g4 Rbe8 25. b3 R8e3 26. Rf1 Qc8 27. c4 dxc4 28. bxc4 Bxc4 29. Rc1 Bd5 30. Ne4 Qe6 31. Nc3 Bxf3 32. Rxf3 Rxf3+ 33. Kh4 Rxh2# 0-1

[Event "Late-Titled-Tuesday-Blitz-January-23-2024"]
[Site "Chess.com"]
[Date "2024.01.23"]
[Round "3"]
[White "finec2"]
[Black "Aleksandar-Topalov"]
[Result "0-1"]
[WhiteElo "2196"]
[BlackElo "2360"]
[TimeControl "180+1"]
[EndTime "14:26:24 PST"]
[Termination "Aleksandar-Topalov won by resignation"]

1. d4 Nf6 2. Bf4 b6 3. e3 Bb7 4. Nd2 d6 5. h3 Nbd7 6. Ngf3 g6 7. c3 Bg7 8. Be2 O-O 9. O-O Qe8 10. a4 a6 11. a5 b5 12. b4 Nd5 13. Qb3 Nxf4 14.
exf4 e6 15. Rfe1 c5 16. dxc5 dxc5 17. Rad1 c4 18. Qc2 Qb8 19. g3 Rd8 20. Bf1 Nf6 21. Bg2 Nd5 22. Ne5 Qc7 23. Ne4 Bxe5 24. fxe5 Qxe5 25.
Nc5 Qc7 26. Nxb7 Qxb7 27. Rd4 Rd7 28. Red1 Rad8 29. Qd2 Qc7 30. h4 Nf6 31. Qg5 Rxd4 32. Rxd4 Rxd4 33. cxd4 c3 0-1

[Event "Late-Titled-Tuesday-Blitz-January-23-2024"]
[Site "Chess.com"]
[Date "2024.01.23"]
[Round "3"]
[White "AlexOstrovskiy"]
[Black "Defenstrator"]
[Result "1-0"]
[WhiteElo "2781"]
[BlackElo "2507"]
[TimeControl "180+1"]
[EndTime "14:26:26 PST"]
[Termination "AlexOstrovskiy won by resignation"]

1. d4 g6 2. e4 Bg7 3. Nc3 d6 4. f4 a6 5. Nf3 b5 6. Bd3 c5 7. dxc5 dxc5 8. e5 Bb7 9. Qe2 Nc6 10. Be4 e6 11. Be3 Qb6 12. Qf2 Bf8 13. O-O Nh6 14. Qe2 Ng4 15. Kh1 Nxe3 16. Qxe3 O-O-O 17. a4 Nd4 18.
axb5 axb5 19. Bxb7+ Kxb7 20. Nxd4 cxd4 21. Qf3+ Kc7 22.
Ra7+ Qxa7 23. Nxb5+ Kb6 24. Nxa7 Kxa7 25. Qc6 1-0

[Event "Late-Titled-Tuesday-Blitz-January-23-2024"]
[Site "Chess.com"]
[Date "2024.01.23"]
[Round "3"]
[White "jefferyx"]
[Black "JoakimVonAnd"]
[Result "1-0"]
[WhiteElo "3000"]
[BlackElo "2628"]
[TimeControl "180+1"]
[EndTime "14:26:28 PST"]
[Termination "jefferyx won by resignation"]

1. e4 c6 2. d4 d5 3. e5 Bf5 4. Nf3 e6 5. Be2 Ne7 6. O-O Ng6 7. Ne1 h5 8. c3 h4 9. Nd2 c5 10. Bd3 Bxd3 11. Nxd3 c4 12. Ne1 Nc6 13. f4 f5 14.
exf6 Qxf6 15. Ndf3 O-O-O 16. b3 cxb3 17. axb3 Nxf4 18.
Ne5 Nxe5 19. Rxf4 Qg6 20. dxe5 Bc5+ 21. Kh1 Rhf8 22. h3 Rxf4 23. Bxf4 Rf8 24. Nd3 Bb6 25. Qg4 Qxg4 26. hxg4 a6 27. Kh2 Bd8 28. Be3 g5 29. Kg1 Be7 30. Rf1 Rxf1+ 31. Kxf1 Kd7 32. Ne1 b5 33. b4 Kc6 34. Nf3 d4 35. Bxd4 Kd5 36. Ke2 Kc4 37. Kd2 Kb3 38. Kd3 1-0

[Event "Late-Titled-Tuesday-Blitz-January-23-2024"]
[Site "Chess.com"]
[Date "2024.01.23"]
[Round "3"]
[White "gomeschess02"]
[Black "Revan_2002"]
[Result "0-1"]
[WhiteElo "2212"]
[BlackElo "2436"]
[TimeControl "180+1"]
[EndTime "14:26:32 PST"]
[Termination "Revan_2002 won by resignation"]

1. e4 c5 2. Nf3 e6 3. d4 cxd4 4. Nxd4 Nc6 5. Nc3 Qc7 6. Be3 a6 7. Qd2 b5 8. O-O-O Nf6 9. f3 Ne5 10. g4 Bb7 11. g5 b4 12. Na4 Nh5 13. Kb1 Be7 14. Rg1 d5 15. f4 Nc4 16. Bxc4 dxc4 17. Qe2 Nxf4 18. Bxf4 Qxf4 19. Qxc4 Rc8 20. Qe2 O-O 21.
Nb6 Rcd8 22. Rg4 Qe5 23. Nf3 Qb5 24. Nc4 Qxc4 0-1

[Event "Late-Titled-Tuesday-Blitz-January-23-2024"]
[Site "Chess.com"]
[Date "2024.01.23"]
[Round "3"]
[White "dozer80"]
[Black "SpeedofLight0"]
[Result "0-1"]
[WhiteElo "2712"]
[BlackElo "2945"]
[TimeControl "180+1"]
[EndTime "14:26:35 PST"]
[Termination "SpeedofLight0 won by resignation"]

1. e4 Nc6 2. Nf3 d6 3. Bb5 a6 4. Bxc6+ bxc6 5. O-O Nf6 6. Re1 g6 7. d4 Bg7 8. h3 O-O 9. Nbd2 Nd7 10. Nb3 a5 11. a4 Nb6 12. Bd2 Nc4 13. Bc3 h6 14. Nfd2 Nb6 15. Nxa5 Qe8 16. Ndc4 Nxc4 17. Nxc4 c5 18. b3 cxd4 19. Bxd4 e5 20. Bc3 f5 21. exf5 gxf5 22. f4 Bb7 23. fxe5 Qg6 24. Qd2 f4 25.
Qf2 Rf5 26. Nd2 Bxg2 27. Kh2 Bxh3 28. Nf3 Rh5 29. Nh4 Rxh4 0-1

[Event "Late-Titled-Tuesday-Blitz-January-23-2024"]
[Site "Chess.com"]
[Date "2024.01.23"]
[Round "3"]
[White "brunoo2003"]
[Black "kleinebeer98"]
[Result "1-0"]
[WhiteElo "2534"]
[BlackElo "2852"]
[TimeControl "180+1"]
[EndTime "14:26:35 PST"]
[Termination "brunoo2003 won by resignation"]

1. e4 e5 2. Nf3 Nc6 3. Bb5 f5 4. Nc3 fxe4 5. Nxe4 Nf6 6. Qe2 d5 7. Nxf6+ gxf6 8. d4 Bg7 9. dxe5 O-O 10. e6 Re8 11.
O-O Bxe6 12. Bxc6 bxc6 13. Nh4 f5 14. Qh5 Qf6 15. c3 Rab8 16. Bg5 Qf7 17. Qxf7+ Kxf7 18. Rab1 c5 19. Rfe1 d4 20. cxd4 cxd4 21. b3 c5 22. Rbc1 c4 23. bxc4 Bxc4 24. Rxe8 Rxe8 25. Nxf5 Bf8 26.
Nxd4 Bxa2 27. h4 Kg6 28. Ra1 Bc4 29. Rxa7 Bc5 30. Ra4 Re1+ 31. Kh2 Bd6+ 32. f4 Bd3 33. Nf3 Rd1 34. Rd4 Bc7 35. Ne5+ Bxe5 36. fxe5 Kf5 37.
Bf6 h5 38. Rd8 Bc2 39. Rg8 Rd2 40. Rg5+ Ke6 41. Rxh5 Rd4 42. Rh8 Be4 43. Rg8 Bd5 44. h5 Kf5 45. Rg5+ Kf4 46. h6 Be4 47. Rg7 Rd8 48. Bxd8 1-0

[Event "Late-Titled-Tuesday-Blitz-January-23-2024"]
[Site "Chess.com"]
[Date "2024.01.23"]
[Round "3"]
[White "Vicmary2005"]
[Black "ArtemDyachuk"]
[Result "0-1"]
[WhiteElo "1991"]
[BlackElo "2610"]
[TimeControl "180+1"]
[EndTime "14:26:38 PST"]
[Termination "ArtemDyachuk won on time"]

1. e4 e5 2. d4 exd4 3. Nf3 Nc6 4.
Bc4 Nf6 5. e5 d5 6. Bb5 Ne4 7.
Nxd4 Bd7 8. Bxc6 bxc6 9. O-O Bc5 10. f3 Ng5 11. f4 Ne4 12. Be3 h5 13. Nd2 Rb8 14.
Nxe4 dxe4 15. f5 Qe7 16. e6 fxe6 17. fxe6 Bxe6 18. Kh1 Bg4 19. Nxc6 Qe6 20. Nd4 Qg6 21. Qd2 Bd6 22. Bf4 O-O 23. Bxd6 Qxd6 24. c3 c5 25. Nb3 Qxd2 26. Nxd2 e3 27. Nc4 e2 28. Rfe1 Rbd8 29. Ne3 Rd2 30. Nxg4 hxg4 31. Rab1 Rxb2 32. Kg1 Rxa2 0-1

[Event "Late-Titled-Tuesday-Blitz-January-23-2024"]
[Site "Chess.com"]
[Date "2024.01.23"]
[Round "3"]
[White "The_Straightforward_Rook"]
[Black "HanSchut"]
[Result "0-1"]
[WhiteElo "2461"]
[BlackElo "2263"]
[TimeControl "180+1"]
[EndTime "14:26:38 PST"]
[Termination "HanSchut won by resignation"]

1. e4 c5 2. c3 g6 3. d4 cxd4 4. cxd4 d5 5. e5 Nc6 6. Nf3 Bg4 7. Nbd2 a6 8. Bd3 Nh6 9. h3 Bf5 10. Be2 Qb6 11. Nb3 Be4 12. O-O Nf5 13. Be3 Nxe3 14. fxe3 Bh6 15. Qd2 e6 16. Nc5 Bxf3 17.
Rxf3 Nxe5 18. dxe5 Qxc5 19. Rc1 Qb6 20. h4 O-O 21. h5 d4 22. Bd3 Bxe3+ 23. Rxe3 dxe3 24. Qe2 Rad8 25. Rc4 Rxd3 26. Qxd3 e2+ 0-1

[Event "Late-Titled-Tuesday-Blitz-January-23-2024"]
[Site "Chess.com"]
[Date "2024.01.23"]
[Round "3"]
[White "LUISMIGUELOV"]
[Black "GiorgianBarbosa"]
[Result "0-1"]
[WhiteElo "2178"]
[BlackElo "2430"]
[TimeControl "180+1"]
[EndTime "14:26:39 PST"]
[Termination "GiorgianBarbosa won by resignation"]

1. d4 Nf6 2. c3 g6 3. Bg5 Bg7 4. h4 c5 5. e3 Nc6 6. Bd3 h6 7. Bxf6 Bxf6 8. g3 h5 9. Nf3 b6 10. Nbd2 Bb7 11. O-O d6 12. Qc2 e5 13. Bxg6 fxg6 14.
Qxg6+ Ke7 15. dxe5 Nxe5 16. Ng5 Qg8 17. Qf5 Rf8 18. Nde4 Bxg5 19. Qxg5+ Qxg5 20. Nxg5 Nf3+ 21. Nxf3 Bxf3 22. Kh2 d5 23. Rae1 Ke6 24. Rc1 Be2 25. Rfe1 Rxf2+ 26. Kg1 Rhf8 27. Rc2 Rf1+ 28. Rxf1 Rxf1+ 29.
Kg2 Ba6 30. c4 Rf5 31. cxd5+ Rxd5 32. Kf3 Bd3 33. Rh2 Bf5 34. e4 Bg4+ 35. Kf4 Rd1 36. a3 c4 37. Rc2 b5 38. a4 a6 39. axb5 axb5 40. b3 cxb3 41. Rc6+ Rd6 42. Rc5 Rb6 43.
Rc3 b2 44. Rb3 b4 45. Rxb2 b3 46. Ke3 Bd1 47. Kf4 Bc2 48. g4 hxg4 49. Kxg4 Bxe4 50. Kg5 Bc2 51. h5 Kd5 52. h6 Kc4 0-1

[Event "Late-Titled-Tuesday-Blitz-January-23-2024"]
[Site "Chess.com"]
[Date "2024.01.23"]
[Round "3"]
[White "jup1978"]
[Black "ChEsper99"]
[Result "1-0"]
[WhiteElo "2403"]
[BlackElo "2115"]
[TimeControl "180+1"]
[EndTime "14:26:39 PST"]
[Termination "jup1978 won on time"]

1. e4 c6 2. d4 d5 3. e5 Bf5 4. Nd2 e6 5. Nb3 a6 6. a4 c5 7.
dxc5 Bxc5 8. Nxc5 Qa5+ 9. c3 Qxc5 10. Be3 Qc7 11. f4 Nd7 12. Nf3 Ne7 13. Be2 Nc6 14. O-O O-O 15. Kh1 f6 16. exf6 Nxf6 17. Nd4 Nxd4 18. Bxd4 Qf7 19. Bf3 Qg6 20. Qe1 Be4 21. Bxf6 Bxf3 22. Qxe6+ Qf7 23. Qxf7+ Rxf7 24. Rxf3 Rxf6 25.
Rd1 Re8 26. Rf2 Re4 27. g3 Rfe6 28. Kg2 Re2 29. Rxd5 Rxf2+ 30. Kxf2 Rb6 31. b4 Rc6 32.
Rc5 1-0